 Dungeon Crawl Stone Soup version 0.27.0-1-g7a089689b8 (webtiles) character file.

Game seed: 11487183928529827873

23 Thatpatchoflichen the Sneak (level 2, 0/13 HPs)
             Began as a Spriggan Enchanter on Aug 9, 2021.
             Splashed by a jelly's acid (5 damage)
             ... on level 2 of the Dungeon.
             The game lasted 00:03:29 (1039 turns).

Thatpatchoflichen the Sneak (Spriggan Enchanter)    Turns: 1039, Time: 00:03:29

Health: 0/13       AC: -2    Str:  4    XL:     2   Next: 75%
Magic:  5/6        EV: 17    Int: 16    God:
Gold:   21         SH:  0    Dex: 15    Spells: 5/6 levels left

rFire    . . .     SeeInvis +   d - +2 short sword (speed)
rCold    . . .     Faith    .   (shield restricted)
rNeg     . . .     Spirit   .   b - +0 robe
rPois    .         Reflect  .   (helmet restricted)
rElec    .         Harm     .   (no cloak)
rCorr    .         Rampage  .   (gloves unavailable)
Will     .....                  (boots unavailable)
Stlth    +++.......             (no amulet)
HPRegen  0.04/turn              (no ring)
MPRegen  0.10/turn              (no ring)

@: corroded, very quick
A: very small, no large weapons, unfitting armour, see invisible, speed 3
a: no special abilities


You were on level 2 of the Dungeon.
You visited 1 branch of the dungeon, and saw 2 of its levels.

You collected 21 gold pieces.

Inventory:

Hand Weapons
 a - a +1 dagger
 d - a +2 short sword of speed (weapon)
Armour
 b - a +0 robe (worn)
Scrolls
 e - a scroll of vulnerability {unknown}
 f - a scroll of magic mapping {unknown}
Potions
 c - a potion of flight {unknown}
 g - a potion of resistance {unknown}


   Skills:
 * Level 2.1 Short Blades
 + Level 3.2 Dodging
 - Level 4.5 Stealth
 + Level 2.8 Spellcasting
 + Level 3.9 Hexes


You had 5 spell levels left.
You knew the following spells:

 Your Spells              Type           Power      Damage    Failure   Level
a - Corona                Hex            16%        N/A       3%          1

Your spell library contained the following spells:

 Spells                   Type           Power      Damage    Failure   Level
 Confusing Touch          Hex            15%        N/A       11%         3
 Tukima's Dance           Hex            15%        N/A       11%         3
 Ensorcelled Hibernation  Hex/Ice        16%        N/A       13%         2
 Dazzling Flash           Conj/Hex       16%        N/A       26%         3


Dungeon Overview and Level Annotations

Branches:
Dungeon (2/15)

Altars:


Innate Abilities, Weirdness & Mutations

You are very small and have problems with some larger weapons.
You are too small for most types of armour.
You have supernaturally acute eyesight. (SInv)
You cover ground extremely quickly. (Speed+++)


Message History

Partly explored, can't reach some items and places.
Things that are here:
a +0 short sword; 2 stones; a kobold skeleton
There is a stone staircase leading down here.
You climb downwards.
Found an escape hatch in the ceiling.
Found a stone staircase leading up.
There is a stone staircase leading up here.
There is an escape hatch in the ceiling here.
A mysterious force pulls you upwards. The hatch slams shut behind you.
There is an escape hatch in the floor here.
You slide downwards.
The hatch slams shut behind you.
An endoplasm comes into view.
The helpless endoplasm fails to defend itself.
You impale the endoplasm!!
You kill the endoplasm!
A goblin comes into view. It is wielding a +0 dagger.
A jelly comes into view.
The helpless goblin fails to defend itself.
You puncture the goblin!
You kill the goblin!
Things that are here:
a +0 dagger; a goblin corpse The jelly quivers.
Aiming: Corona (safe; 3% risk of failure)
Press: ? - help, Q - select action Shift-Dir - straight line, f - jelly
Aim: a jelly (chance to affect: 61%)
The jelly is outlined in light.
The jelly closely misses you.
Found a scroll labelled FELLUA UMEANO.
The jelly misses you.
You hit the jelly. The acid corrodes you!
Your hands burn!
The jelly is lightly wounded.
The jelly completely misses you.
You hit the jelly.
Your hands burn!
The jelly is heavily wounded.
You hit the jelly.
Your hands burn!
The jelly is heavily wounded.
The jelly misses you.
You hit the jelly but do no damage.
Your hands burn!
You die...

######## #......#
#......#
#......#############
#..........@........
#......#....J....##
#......#.)...###?..
#......#.....# #
########.....#
#........ ####.####
#.. #.#.


You could see a jelly (corona).

Vanquished Creatures
  2 ball pythons (D:1)
  2 bats (D:1)
  4 endoplasms
  2 goblins
  2 hobgoblins (D:1)
  4 kobolds (D:1)
  A frilled lizard (D:1)
  4 rats (D:1)
21 creatures vanquished.

Vanquished Creatures (others)
  A rat (D:1)
1 creature vanquished.

Grand Total: 22 creatures vanquished

Notes
Turn   | Place    | Note
-------+----------+-------------------------------------------
     0 | D:1      | Thatpatchoflichen the Spriggan Enchanter began the quest
                  | for the Orb.
     0 | D:1      | Reached XP level 1. HP: 9/9 MP: 5/5
   181 | D:1      | Found a faded altar of an unknown god.
   297 | D:1      | Reached XP level 2. HP: 9/13 MP: 6/6
  1039 | D:2      | Splashed by a jelly's acid

Illustrated notes

Levels and vault maps discovered:
D:1:      dpeg_arrival_simpleton_c, layout_loops_cross, basic_ecumenical_altar,
          lemuel_flame_loot_1
D:2:      layout_rooms, kennysheep_cross_room, uniq_terence

Skill      XL: |  1  2 |
---------------+-------+-----
Dodging        | 3 |  3.2
Short Blades   | 2 |  2.1
Stealth        | |  4.5
Spellcasting   | |  2.8
Hexes          | |  3.9

Action                   || total
-------------------------++-------
Melee: Short sword       ||    46
       Dagger            ||     5
 Cast: Corona            ||     8
 Stab: Sleeping          ||     6
Armor: Robe              ||     6
Dodge: Dodged            ||    34
